 Dungeon Crawl Stone Soup version 0.22-a0-271-gc000056 (webtiles) character file.

21 matakusis the Caller (level 2, -3/15 HPs)
             Began as a Deep Elf Summoner on Mar 11, 2018.
             Slain by a hobgoblin
             ... wielding a +0 club
             ... led by Robin
              (9 damage)
             ... on level 2 of the Dungeon.
             The game lasted 00:04:26 (1001 turns).

matakusis the Caller (Deep Elf Summoner)            Turns: 1001, Time: 00:04:27

Health: -3/15      AC:  2    Str: 10    XL:     2   Next: 62%
Magic:  4/8        EV: 13    Int: 19    God:
Gold:   28         SH:  0    Dex: 15    Spells: 5/8 levels left

rFire    . . .     SeeInvis .   (no weapon)
rCold    . . .     Gourm    .   (no shield)
rNeg     . . .     Faith    .   a - +0 robe
rPois    .         Spirit   .   (no helmet)
rElec    .         Reflect  .   (no cloak)
rCorr    .         Harm     .   (no gloves)
MR       .....                  (no boots)
Stlth    ++........             (no amulet)
HPRegen  0.05/turn              (no ring)
MPRegen  0.11/turn              (no ring)

@: mighty
A: no striking features
a: no special abilities


You were on level 2 of the Dungeon.
You were not hungry.

You visited 1 branch of the dungeon, and saw 2 of its levels.

You collected 28 gold pieces.

Inventory:

Armour
 a - a +0 robe (worn)
Scrolls
 d - a scroll of remove curse
 e - 2 scrolls of fog
Comestibles
 c - a ration
 f - 4 chunks of flesh


   Skills:
 - Level 2.4 Dodging
 - Level 2.4 Stealth
 + Level 3.5 Spellcasting
 + Level 5.0 Summonings


You had 5 spell levels left.
You knew the following spells:

 Your Spells              Type           Power        Failure   Level  Hunger
a - Summon Small Mammal   Summ           ###.         1%          1    None
b - Call Imp              Summ           ###.....     2%          2    ##.....


Dungeon Overview and Level Annotations

Branches:
Dungeon (2/15)

Altars:

Annotations:
D:2 Robin


Message History

Your white imp hits the hobgoblin.
Your white imp freezes the hobgoblin.
The hobgoblin dies!
Something completely misses your crimson imp.
The hobgoblin hits your white imp with a club.
The goblin hits your white imp but does no damage.
Your crimson imp blinks!
You closely miss the hobgoblin.
The hobgoblin is heavily wounded.
Your white imp hits the hobgoblin.
Your white imp freezes the hobgoblin.
The hobgoblin dies!
The hobgoblin hits you with a club.
The goblin barely misses your white imp.
Robin hits you with a dagger of protection.
Your white imp hits Robin.
Your white imp freezes Robin.
A goblin and a hobgoblin come into view.
You feel very mighty all of a sudden.
The goblin barely misses your white imp.
The hobgoblin hits you with a club!
Ouch! That really hurt!
You die...

#.####...#..... #.#
#.#.##.###
############.####.#.##.#<#
#.......).........#....#.#
##.................######.#
#......?.#+#.........# #.#
#........#.#.........# #.#
.....g5..#g#.........# ##.#
...gg...5g@#.........# #.[.
....g##+#######......# ####
..... ....#### .gg. ..[..#
.... ......# .g#


You could see Robin, 2 hobgoblins, 3 goblins and 2 friendly white imps.

Vanquished Creatures (collateral kills)
  2 dart slugs (D:1)
  A leopard gecko (D:1)
  A ball python (D:1)
  6 goblins
  8 hobgoblins
  3 kobolds (D:1)
  2 bats
  A frilled lizard (D:1)
  3 rats (D:1)
27 creatures vanquished.

Notes
Turn   | Place    | Note
-------+----------+-------------------------------------------
     0 | D:1      | matakusis the Deep Elf Summoner began the quest for the Orb.
     0 | D:1      | Reached XP level 1. HP: 10/10 MP: 6/6
   201 | D:1      | Reached XP level 2. HP: 13/15 MP: 4/8
   215 | D:1      | Learned a level 2 spell: Call Imp
   723 | D:1      | Reached skill level 5 in Summonings
   987 | D:2      | Noticed Robin
  1001 | D:2      | Slain by a hobgoblin

Vault maps used:
D:1:      minmay_arrival_stair_chambers
D:2:      uniq_crazy_yiuf_cottage, uniq_robin

Skill      XL: |  1  2 |
---------------+-------+-----
Summonings     | 5 |  5.0
Dodging        | |  2.4
Stealth        | |  2.4
Spellcasting   | |  3.5

Action                   || total
-------------------------++-------
Melee: Unarmed           ||    11
 Cast: Summon Small Mamm ||    19
       Call Imp          ||    15
  Use: Scroll            ||     4
       Potion            ||     2
 Stab: Distracted        ||     1
       Sleeping          ||     1
  Eat: Chunk             ||     1
Armor: Robe              ||     5
Dodge: Dodged            ||    17

Table legend:
 A = Spawn XP
 B = Non-spawn XP
 C = Spawn XP percentage of total XP
 D = Spawn monster count
 E = Non-spawn monster count
 F = Spawn count percentage of total count
 G = Total turns spent on level
                    A         B        C        D         E        F      G
               +---------+---------+-------+---------+---------+-------+---------
         Total |       0 |      30 |   0.0 |       0 |      27 |   0.0 |  1001
               +---------+---------+-------+---------+---------+-------+---------
           D:1 |       0 |      24 |   0.0 |       0 |      21 |   0.0 |   897
           D:2 |       0 |       6 |   0.0 |       0 |       6 |   0.0 |   104
               +---------+---------+-------+---------+---------+-------+---------
